AoeStats
← zack

Arena

505807466Analyzed
4v4 RM · 2mo ago on Sep 11, 2026· 35m 29s· 8 players
Game mode
Random Map
Map size
Large (8 player)
Population
200
Speed
Normal
Resources
Standard
Victory
Conquest
Starting age
Dark Age
Ending age
Imperial Age
RankedLock teamsTeams togetherTeam positionsShared explorationLock speedFull tech treeHidden civsTurbo modeCheats
Victory
Defeat
🇹🇼 Italians · Taiwan
1141
+14
🇨🇳 Franks · China
1132
+14
🇺🇸 Slavs · United States
1086
+16
🇺🇸 Sicilians · United States
1063
+17
vs
🇨🇳 Bengalis · China
1141
-18
🇨🇳 Turks · China
1091
-15
🇨🇳 Franks · China
1065
-14
🇻🇳 Malay · Vietnam
1064
-14
若叶睦
11:20 Feudal Age
16:31 Castle Age
14:51 Double-Bit Axe
15:41 Horse Collar
17:07 Wheelbarrow
17:38 Bow Saw
18:39 Heavy Plow
拉拉车
6:59 Loom
10:02 Feudal Age
10:44 Double-Bit Axe
16:33 Castle Age
17:39 Bow Saw
21:11 Stone Mining
22:40 Gold Mining
24:21 Wheelbarrow
24:55 Gold Shaft Mining
27:57 Fletching
28:21 Husbandry
28:35 Scale Barding Armor
30:16 Chain Barding Armor
30:07 Forging
34:13 Imperial Age
32:12 Hand Cart
33:27 Pikeman
33:56 Arson
34:12 Squires
34:14 Scale Mail Armor
34:49 Iron Casting
35:57 Chain Mail Armor
zack
10:19 Feudal Age
11:09 Double-Bit Axe
16:47 Castle Age
15:11 Horse Collar
16:39 Loom
17:32 Gold Mining
18:16 Heavy Plow
26:23 Gold Shaft Mining
27:43 Fervor
31:48 Sanctity
nguyenhoanglan060
2:41 Loom
12:01 Feudal Age
16:24 Castle Age
14:50 Double-Bit Axe
18:33 Horse Collar
21:46 Heavy Plow
24:45 Wheelbarrow
28:24 Hand Cart
28:40 Bow Saw
31:28 Imperial Age
29:32 Forging
29:28 Scale Barding Armor
29:22 Gold Mining
30:48 Husbandry
31:47 Gold Shaft Mining
32:10 Conscription
31:57 Elite Battle Elephant
KKL79
10:26 Feudal Age
8:41 Loom
14:01 Loom
16:36 Castle Age
14:23 Loom
14:40 Horse Collar
15:25 Double-Bit Axe
22:34 Ballistics
31:04 Imperial Age
29:43 Fletching
30:30 Thumb Ring
30:26 Bodkin Arrow
31:23 Wheelbarrow
31:18 Padded Archer Armor
32:52 Chemistry
32:19 Bracer
32:35 Leather Archer Armor
JDTChief
10:06 Loom
11:51 Feudal Age
12:50 Double-Bit Axe
17:29 Castle Age
15:19 Horse Collar
15:47 Gold Mining
16:44 Fletching
17:23 Stone Mining
20:29 Bodkin Arrow
21:45 Heavy Plow
21:47 Scale Mail Armor
22:57 Ballistics
22:51 Murder Holes
26:05 Arson
26:42 Forging
27:14 Masonry
30:56 Gambesons
31:59 Pikeman
34:26 Bow Saw
37:28 Imperial Age
Hieronymous Bosch
10:50 Feudal Age
14:52 Castle Age
13:27 Double-Bit Axe
14:16 Gold Mining
16:00 Pikeman
22:07 Loom
27:08 Light Cavalry
27:59 Bloodlines
31:52 Bloodlines
游离
11:30 Feudal Age
15:08 Castle Age
13:00 Double-Bit Axe
16:28 Bow Saw
24:05 Wheelbarrow
23:28 Gold Mining
23:31 Loom
25:39 Gold Shaft Mining
26:30 Hand Cart
26:17 Stone Mining
30:32 Imperial Age
28:08 Town Watch
28:52 Husbandry
29:02 Scale Barding Armor
29:07 Forging
29:11 Fortified Wall
31:23 Chain Barding Armor
31:39 Iron Casting
30:42 Cavalier
32:44 Plate Barding Armor
32:01 Capped Ram
33:07 Heavy Scorpion
33:43 Paladin
34:53 Conscription
36:43 Blast Furnace
35:51 Chivalry
Connection lost

Rejoining the realm…

Still unreachable

The connection could not be restored.

Session expired

The server has moved on; the page needs a fresh start.